 Dungeon Crawl Stone Soup version 0.14-a0-3445-g2afddda (webtiles) character file.

366 Kae the Firebug (level 5, -2/28 HPs)
             Began as a Tengu Fire Elementalist on Mar 23, 2014.
             Splashed by a jelly's acid (12 damage)
             ... on Level 3 of the Dungeon.
             The game lasted 00:03:44 (3106 turns).

Kae the Firebug (Tengu Fire Elementalist)           Turns: 3106, Time: 00:03:44

HP  -2/28        AC  0     Str  8      XL: 5   Next:  7%
MP   4/11        EV 12     Int 16      God:
Gold 243         SH  0     Dex 15      Spells:  3 memorised,  3 levels left

rFire  . . .     SeeInvis .     k - +0 short sword
rCold  . . .     Clarity  .     a - -2 robe
rNeg   . . .     Conserve .     (no shield)
rPois  .         rCorr    .     (helmet restricted)
rElec  .         rRot     .     (no cloak)
SustAb . .       Spirit   .     (no gloves)
rMut   .         Warding  .     (boots unavailable)
Saprov . . .     Stasis   .     (no amulet)
MR     .....                    (no ring)
                                (no ring)

@: very slightly contaminated, not resistant to hostile enchantments, fairly
stealthy
A: able to fly, beak, talons 3
a: Fly


You were on level 3 of the Dungeon.
You were hungry.

You visited 1 branch of the dungeon, and saw 3 of its levels.

You collected 243 gold pieces.

Inventory:

Hand weapons
 k - a +0,+0 short sword (weapon)
Armour
 a - a -2 robe (worn)
Comestibles
 c - 3 bread rations
 l - a meat ration
 r - a chunk of rat flesh
Scrolls
 f - 2 scrolls of teleportation {unknown}
 i - a scroll of amnesia {unknown}
 j - a scroll of enchant weapon II {unknown}
 m - a scroll of magic mapping {unknown}
 o - a scroll of random uselessness {unknown}
 p - a scroll of enchant armour {unknown}
 q - a scroll of identify {unknown}
Potions
 d - a potion of heal wounds
 e - a potion of brilliance {unknown}
 g - a potion of agility
 h - 2 potions of restore abilities {unknown}
 n - 2 potions of curing {unknown}
Books
 b - a book of Flames

   Spells                             Type                      Level
   *Flame Tongue                      Conjuration/Fire             1
   *Throw Flame                       Conjuration/Fire             2
   *Conjure Flame                     Conjuration/Fire             3
   Inner Flame                        Hexes/Fire                   3
   Sticky Flame                       Conjuration/Fire             4
   Fireball                           Conjuration/Fire             5


   Skills:
 - Level 2.1 Dodging
 - Level 2.0 Stealth
 + Level 2.6 Spellcasting
 * Level 4.1 Conjurations
 * Level 4.6 Fire Magic


You had 3 spell levels left.
You knew the following spells:

 Your Spells              Type           Power        Failure   Level  Hunger
a - Flame Tongue          Conj/Fire      ###..        3%          1    #......
b - Throw Flame           Conj/Fire      ###...       6%          2    ##.....
c - Conjure Flame         Conj/Fire      ###.....     12%         3    ###....


Dungeon Overview and Level Annotations

Branches:
Dungeon (3/15)

Altars:


Innate Abilities, Weirdness & Mutations

You can fly.
You have a beak for a mouth.
You have claws for feet.


Message History

The jelly hits you.
You are splashed with acid!
The acid corrodes your +0 robe!
The acid burns!
Casting: Flame Tongue
Confirm with . or Enter, or press ? or * to list all spells.
Aiming: Flame Tongue
Press: ? - help, Shift-Dir - straight line, f/p - jelly
Aim: a jelly (severely wounded)
The flame hits the jelly.
The jelly is almost dead.
The jelly closely misses you.
Casting: Flame Tongue
Confirm with . or Enter, or press ? or * to list all spells.
Aiming: Flame Tongue
Press: ? - help, Shift-Dir - straight line, f/p - jelly
Aim: a jelly (almost dead)
You miscast Flame Tongue.
You are very lightly contaminated with residual magic.
Nothing appears to happen.
The jelly hits you.
You are splashed with acid!
The acid corrodes your -1 robe!
The acid burns!
You die...

####+####### # ...........#
.. .......[...# .#
...........# ..#
....♣......###########...#
..♣♣.♣♣....#...)@J.(.....#
..♣...♣....##.######.........
.♣..♣(.♣...'..# #........
..♣...♣....#### #.####...
..♣♣.♣♣....# #.# ..
...)♣......# #.# ....)......#
... ....(......# ...
...........# ...


You could see a jelly.

Vanquished Creatures
  Jessica (D:3)
  Terence (D:3)
  3 adders (D:2)
  A worm (D:2)
  A giant gecko (D:2)
  6 orcs
  7 bats
  4 giant cockroaches (D:1)
  9 goblins
  5 hobgoblins
  6 giant newts
  3 kobolds
  10 rats
57 creatures vanquished.

Notes
Turn   | Place    | Note
--------------------------------------------------------------
     0 | D:1      | Kae, the Tengu Fire Elementalist, began the quest for the Orb.
     0 | D:1      | Reached XP level 1. HP: 10/10 MP: 3/3
   195 | D:1      | Reached XP level 2. HP: 10/15 MP: 1/5
  1230 | D:2      | Reached XP level 3. HP: 19/19 MP: 5/7
  1860 | D:2      | Reached skill level 4 in Fire Magic
  1875 | D:2      | Reached XP level 4. HP: 22/24 MP: 4/8
  2623 | D:3      | Noticed Jessica
  2663 | D:3      | Noticed Terence
  2669 | D:2      | Learned a level 2 spell: Throw Flame
  2673 | D:2      | Learned a level 3 spell: Conjure Flame
  2681 | D:3      | Killed Terence
  2780 | D:3      | Killed Jessica
  2947 | D:3      | Reached XP level 5. HP: 17/28 MP: 11/11
  3106 | D:3      | Splashed by a jelly's acid

Action                   |  1- 3 |  4- 6 || total
-------------------------+-------+-------++-------
Melee: Unarmed           |    63 |     3 ||    66
       Short sword       |       |    20 ||    20
 Cast: Flame Tongue      |    43 |    44 ||    87
       Throw Flame       |       |     3 ||     3
  Use: Potion            |     1 |       ||     1
 Stab: Sleeping          |       |     1 ||     1
